 Dungeon Crawl Stone Soup version 0.27.1-2-g3b301248ec (webtiles) character file.

Game seed: 12503925462167132810

92 AZSletch the Digger (level 4, 0/25 HPs)
             Began as a Gargoyle Earth Elementalist on Oct 3, 2021.
             Slain by Jessica (5 damage)
             ... on level 2 of the Dungeon.
             The game lasted 00:14:51 (1962 turns).

AZSletch the Digger (Gargoyle Earth Elementalist)   Turns: 1962, Time: 00:14:52

Health: 0/25       AC:  7    Str: 13    XL:     4   Next: 60%
Magic:  1/7        EV: 11    Int: 15    God:
Gold:   149        SH:  0    Dex: 10    Spells: 2/8 levels left

rFire    . . .     SeeInvis .   h - +2 short sword (holy)
rCold    . . .     Faith    .   (no shield)
rNeg     + . .     Spirit   .   d - +0 leather armour
rPois    ∞         Reflect  .   a - +0 helmet
rElec    +         Harm     .   (no cloak)
rCorr    .         Rampage  .   (no gloves)
Will     .....                  (no boots)
Stlth    ++........             (no amulet)
HPRegen  0.08/turn              (no ring)
MPRegen  0.10/turn              (no ring)

@: no status effects
A: sickness immunity, AC +3, negative energy resistance 1, electricity
resistance, torment resistance 1, petrification resistance
a: no special abilities


You were on level 2 of the Dungeon.
You visited 1 branch of the dungeon, and saw 3 of its levels.

You collected 149 gold pieces.

Inventory:

Hand Weapons
 h - a +2 short sword of holy wrath (weapon)
Missiles
 c - 49 stones
 g - 6 silver boomerangs
 k - 10 boomerangs (quivered)
Armour
 a - a +0 helmet (worn)
 d - a +0 leather armour (worn)
Scrolls
 b - a scroll of identify {unknown}
 e - a scroll of fear {unknown}
 f - a scroll of immolation {unknown}
 j - a scroll of acquirement {unknown}
 n - a scroll of teleportation {unknown}
 o - a scroll of enchant armour {unknown}
Potions
 i - a potion of heal wounds {unknown}
 l - 2 potions of curing {unknown}
 m - 2 potions of might


   Skills:
 + Level 1.6 Fighting
 + Level 2.2 Dodging
 - Level 2.1 Stealth
 + Level 2.5 Spellcasting
 + Level 1.1 Conjurations
 - Level 1.3 Transmutations
 + Level 4.2 Earth Magic


You had 2 spell levels left.
You knew the following spells:

 Your Spells              Type           Power      Damage    Failure   Level
a - Sandblast             Erth           28%        2d8       4%          1
b - Passwall              Tmut/Erth      8%         N/A       13%         2
c - Stone Arrow           Conj/Erth      20%        3d8       26%         3

Your spell library contained the following spells:

 Spells                   Type           Power      Damage    Failure   Level
 Ensorcelled Hibernation  Hex/Ice        2%         N/A       38%         2
 Inner Flame              Hex/Fire       1%         N/A       63%         3
 Petrify                  Tmut/Erth      10%        N/A       63%         4
 Olgreb's Toxic Radiance  Pois           1%         N/A       95%         4
 Alistair's Intoxication  Tmut/Pois      2%         N/A       99%         5
 Eringya's Noxious Bog    Tmut/Pois      1%         N/A       100%        6


Dungeon Overview and Level Annotations

Branches:
Dungeon (3/15)

Altars:
Ashenzari
Cheibriados
Okawaru

Annotations:
D:2 Jessica


Innate Abilities, Weirdness & Mutations

You are immune to sickness and miasma.
Your stone body is resilient. (AC +3)
You are immune to poison.
You resist negative energy. (rN+)
You are resistant to electric shocks. (rElec)
You are resistant to unholy torment.
You are immune to petrification.


Message History

Aiming: Sandblast (safe; 4% risk of failure)
Press: ? - help, Shift-Dir - straight line, f/p - Jessica
Aim: Jessica, wielding a +2 dagger of venom and wearing a +2 robe of willpower (79% to hit)
The blast of sand misses Jessica.
c - 51 stones Jessica hits you but does no damage.
Jessica hits you with a +2 dagger of venom.
Casting: Sandblast (safe; 4% risk of failure)
Confirm with . or Enter, or press ? or * to list all spells.
Aiming: Passwall (safe; 13% risk of failure)
Press: ? - help, Dir - move target, p - Jessica You can't see that place. [a rock wall.] This rock feels extremely deep.
Casting: Passwall (safe; 13% risk of failure)
Confirm with . or Enter, or press ? or * to list all spells.
Aiming: Sandblast (safe; 4% risk of failure)
Press: ? - help, Shift-Dir - straight line, f - Jessica
Aim: Jessica, wielding a +2 dagger of venom and wearing a +2 robe of willpower (79% to hit)
The blast of sand hits Jessica!
Jessica is severely wounded.
c - 50 stones Jessica casts a spell at you.
Pain shoots through your body!
Casting: Sandblast (safe; 4% risk of failure)
Confirm with . or Enter, or press ? or * to list all spells.
Aiming: Sandblast (safe; 4% risk of failure)
Press: ? - help, Shift-Dir - straight line, f/p - Jessica
Aim: Jessica, wielding a +2 dagger of venom and wearing a +2 robe of willpower (severely wounded, 79% to hit)
The blast of sand hits Jessica but does no damage.
Jessica is severely wounded.
c - 49 stones Jessica hits you with a +2 dagger of venom.
* * * LOW HITPOINT WARNING * * *
You closely miss Jessica.
Jessica is severely wounded.
Jessica hits you with a +2 dagger of venom.
* * * LOW HITPOINT WARNING * * *
Jessica hits you with a +2 dagger of venom.
You die...

.........#..@..#
#.......#####.#
#.......# #.#
#.......#####@##
#........÷.....#
..#####.......########
..............#
...###..#..##'########
...# #..........@....#
...# #..........@....#
...# #...............#
...###...............#
........#............#
#...###.#............#
......#............#
######............#
#...#+########


You could see Jessica.

Vanquished Creatures
  2 adders
  3 dart slugs
  4 orcs (D:3)
  6 ball pythons
  5 bats
  5 endoplasms
  5 giant cockroaches
  5 goblins
  11 hobgoblins
  2 quokkas
  2 frilled lizards
  6 kobolds (D:1)
  A rat (D:3)
57 creatures vanquished.

Notes
Turn   | Place    | Note
-------+----------+-------------------------------------------
     0 | D:1      | AZSletch the Gargoyle Earth Elementalist began the quest
                  | for the Orb.
     0 | D:1      | Reached XP level 1. HP: 10/10 MP: 3/3
     8 | D:1      | Got the Volume of Toxins and Enchantment
   320 | D:1      | Reached skill level 1 in Transmutations
   320 | D:1      | Reached XP level 2. HP: 16/16 MP: 3/5
   323 | D:1      | Learned a level 2 spell: Passwall
   496 | D:1      | Reached skill level 1 in Fighting
   499 | D:1      | Reached XP level 3. HP: 19/20 MP: 6/6
   587 | D:1      | Learned a level 3 spell: Stone Arrow
   611 | D:1      | Reached skill level 4 in Earth Magic
   884 | D:2      | Noticed Jessica
  1259 | D:3      | Found a broken altar of Ashenzari.
  1341 | D:3      | Reached XP level 4. HP: 25/25 MP: 3/7
  1595 | D:3      | Found a snail-covered altar of Cheibriados.
  1607 | D:3      | Found an iron altar of Okawaru.
  1790 | D:2      | Reached skill level 1 in Conjurations
  1962 | D:2      | Slain by Jessica

Illustrated notes

Levels and vault maps discovered:
D:1:      matt_arrival_diagonals, layout_basic, minmay_octomino_e4
D:2:      layout_basic, minmay_split_cup_small, uniq_jessica
D:3:      layout_basic, okawaru_ov_weapons_minmay, nicolae_ashenzari_panopticon,
          cheibriados_altar_1, st_stairs_13

Skill      XL: |  1  2  3  4 |
---------------+-------------+-----
Transmutations | 1 |  1.3
Fighting       | 1 |  1.6
Earth Magic    | 4 |  4.2
Dodging        | 2 |  2.2
Conjurations   | 1 |  1.1
Stealth        | |  2.1
Spellcasting   | |  2.5

Action                   |  1- 3 |  4- 6 || total
-------------------------+-------+-------++-------
Melee: Unarmed           |    10 |       ||    10
       Dagger            |    16 |       ||    16
       Short sword       |    45 |    22 ||    67
 Cast: Sandblast         |    42 |    18 ||    60
       Passwall          |     1 |     1 ||     2
 Stab: Sleeping          |       |     1 ||     1
Armor: Leather armour    |    23 |    11 ||    34
Dodge: Dodged            |    56 |    16 ||    72
